 Dungeon Crawl Stone Soup version 0.31-a0-489-g282fc92437 (webtiles) character file.

Game seed: 11104431734747847996

5 Bnni the Sneak (level 1, 0/11 HPs)
             Began as a Vine Stalker Brigand on Aug 8, 2023.
             Slain by a goblin
             ... wielding a +0 club
              (1 damage)
             ... on level 1 of the Dungeon.
             The game lasted 00:00:30 (81 turns).

Bnni the Sneak (Vine Stalker Brigand)                 Turns: 81, Time: 00:00:31

Health: 0/11       AC:  3    Str: 13    XL:     1   Next: 80%
Magic:  0/2        EV: 11    Int: 11    God:
Gold:   0          SH:  0    Dex: 15    Spells: 0/0 levels left

rFire   . . .        a - +2 dagger
rCold   . . .        (no shield)
rNeg    . . .        b - +0 robe
rPois   .            (no helmet)
rElec   .            c - +0 cloak
rCorr   .            (no gloves)
SInv    .            (no boots)
Will    .....        (no amulet)
Stlth   +++          (no ring)
HPRegen 0.21/turn    (no ring)
MPRegen 0.08/turn

%: guardian spirit
@: no status effects
A: fangs 2, magic shield, antimagic bite, no potion heal 2
a: no special abilities


You were on level 1 of the Dungeon.
You visited 1 branch of the dungeon, and saw 1 of its levels.

Inventory:

Hand Weapons
 a - a +2 dagger (weapon)
Missiles
 d - 9 poisoned darts (quivered)
 e - 3 curare-tipped darts
Armour
 b - a +0 robe (worn)
 c - a +0 cloak (worn)


   Skills:
 + Level 1.9 Fighting
 * Level 2.0 Short Blades
 + Level 0.2(1.2) Long Blades
 - Level 1.7 Throwing
 - Level 0.7 Dodging
 + Level 4.9 Stealth


You couldn't memorise any spells.
You didn't know any spells.
Your spell library was empty.

Dungeon Overview and Level Annotations

Branches:
Dungeon (1/15)

Altars:


Innate Abilities, Weirdness & Mutations

You have extremely sharp teeth.
When hurt, damage is shared between your health and your magic reserves.
Your bite disrupts and absorbs the magic of your enemies.
Potions cannot restore your health.


Message History

You barely miss the jackal. You bite the jackal. You drain its power.
You feel invigorated.
The jackal is almost dead.
The jackal closely misses you.
Unknown command.
You closely miss the jackal.
The jackal is almost dead.
The jackal bites you but does no damage.
You hit the jackal.
You kill the jackal!
Your Short Blades skill increases to level 2!
Unknown command.
You hit the jackal but do no damage. Your bite misses the jackal.
The jackal bites you.
* * * LOW HITPOINT WARNING * * *
The jackal closely misses you.
You hit the jackal. Your bite misses the jackal.
The jackal is heavily wounded.
The jackal bites you but does no damage.
You barely miss the jackal. You bite the jackal, but do no damage.
The jackal is heavily wounded.
The goblin closely misses you. The jackal barely misses you.
You completely miss the jackal.
The jackal is heavily wounded.
The jackal bites you.
* * * LOW HITPOINT WARNING * * *
The goblin hits you but does no damage.
You hit the jackal.
The jackal is almost dead.
The jackal barely misses you. The goblin hits you with a +0 club.
The jackal misses you.
You hit the jackal but do no damage.
The jackal is almost dead.
The goblin misses you. The jackal barely misses you.
Unknown command.
You closely miss the jackal.
The jackal is almost dead.
The jackal bites you but does no damage.
The goblin hits you with a +0 club.
You die...

.♣..# ...# ....
#... #..# #..####
#....(## #
#h#...#.. #@#.#....
## #####.g.....# .
#......######
#.#.####)# #.#†###
.# #.)...##.#
#......#.#
##..#..#.#
###############...#


You could see a jackal and a goblin.

Vanquished Creatures
  A goblin (D:1)
  3 jackals (D:1)
4 creatures vanquished.

Notes
Turn   | Place    | Note
-------+----------+-------------------------------------------
     0 | D:1      | Bnni the Vine Stalker Brigand began the quest for the Orb.
     0 | D:1      | Reached XP level 1. HP: 11/11 MP: 2/2
     2 | D:1      | Noticed a meteoran
     2 | D:1      | Noticed an octopode
     4 | D:1      | Noticed a minotaur
     4 | D:1      | Noticed an ogre
     6 | D:1      | Noticed a vampire
     8 | D:1      | Noticed a demonspawn
     8 | D:1      | Noticed a human
    10 | D:1      | Noticed a felid
    10 | D:1      | Noticed a gargoyle
    12 | D:1      | Noticed a draconian
    12 | D:1      | Noticed an elf
    14 | D:1      | Noticed a spriggan
    16 | D:1      | Noticed an armataur
    16 | D:1      | Noticed a demigod
    18 | D:1      | Noticed a tengu
    18 | D:1      | Noticed a formicid
    20 | D:1      | Noticed a merfolk
    20 | D:1      | Noticed a ghoul
    22 | D:1      | Noticed a vine stalker
    22 | D:1      | Noticed a naga
    24 | D:1      | Noticed a troll
    24 | D:1      | Noticed a troll
    26 | D:1      | Noticed a troll
    26 | D:1      | Noticed a merfolk
    81 | D:1      | Slain by a goblin

Illustrated notes

Levels and vault maps discovered:
D:1:      kb_arrival_jail, layout_loops_cross,
          chequers_ecumenical_altar_simple_redux, minmay_tetromino_s4

Skill      XL: |  1 |
---------------+----+-----
Short Blades   | 2 |  2.0
Fighting       | |  1.9
Long Blades    | |  0.2
Throwing       | |  1.7
Dodging        | |  0.7
Stealth        | |  4.9

Action                     || total
---------------------------++-------
  Melee: Dagger            ||    27
         Bite              ||     3
 Armour: Robe              ||     6
  Dodge: Dodged            ||    21

Table legend: (Time is in decaauts)
 A = Elapsed time spent in this place.
 B = Non-inter-level travel time spent in this place.
 C = Inter-level travel time spent in this place.
 D = Time resting spent in this place.
 E = Time spent auto-exploring this place.
 F = Levels seen in this place.
 G = Mean time per level.
                   A        B        C        D        E       F      G
               +--------+--------+--------+--------+--------+-----+--------+
         Total |     78 |     78 |      0 |      0 |     42 |   1 |   78.0 |
       Dungeon |     78 |     78 |      0 |      0 |     42 |   1 |   78.0 |
               +--------+--------+--------+--------+--------+-----+--------+

Top non-repeatable levels by time:
     D:1: 78 daAuts
